 Dungeon Crawl Stone Soup version 0.30.1 (webtiles) character file.

Game seed: 8160542007470647334

1622 fuzz the Cleaver (level 8, -3/70 HPs)
             Began as a Hill Orc Fighter on July 6, 2023.
             Was an Initiate of Trog.
             Slain by a gnoll
             ... wielding a +0 halberd
             ... led by a gnoll sergeant
              (5 damage)
             ... on level 7 of the Dungeon on July 7, 2023.
             The game lasted 00:57:16 (6033 turns).

fuzz the Cleaver (Hill Orc Fighter)                 Turns: 6033, Time: 00:57:17

Health: -3/70      AC:  3    Str: 19    XL:     8   Next: 96%
Magic:  8/8        EV: 10    Int: 11    God:    Trog [......]
Gold:   160        SH:  5    Dex: 13    Spells: 7/7 levels left

rFire   . . .        a - +2 war axe
rCold   + . .        c - +0 buckler
rNeg    . . .        b - +2 scale mail
rPois   .            (no helmet)
rElec   .            (no cloak)
rCorr   .            l - +1 pair of gloves of the Maze {rC+}
SInv    .            (no boots)
Will    .....        (no amulet) Stlth
                     g - +4 ring of slaying
HPRegen 0.31/turn    (no ring)
MPRegen 0.11/turn

%: no passive effects
@: corroded
A: agile 1, clever 1
a: Renounce Religion


You were on level 7 of the Dungeon.
You worshipped Trog.
Trog was noncommittal.
You visited 2 branches of the dungeon, and saw 8 of its levels.

You collected 399 gold pieces.
You spent 239 gold pieces at shops.

Inventory:

Hand Weapons
 a - a +2 war axe (weapon)
 j - a +0 sling
 n - a +2 quarterstaff of chaos
 p - a +0 dagger
Armour
 b - a +2 scale mail (worn)
 c - a +0 buckler (worn)
 l - the +1 pair of gloves of the Maze (worn) {rC+}
   (You found it on level 2 of the Dungeon)

   rC:        It protects you from cold.
 o - a +0 cloak
Jewellery
 g - a +4 ring of slaying (left hand)
Wands
 x - a wand of digging (4)
Scrolls
 d - 6 scrolls of teleportation
 e - 5 scrolls of identify
 i - a scroll of blinking
 m - 2 scrolls of poison {unknown}
 r - a scroll of noise {unknown}
 t - 2 scrolls of fear
 w - a scroll of amnesia {unknown}
Potions
 f - 2 potions of lignification {unknown}
 h - a potion of berserk rage
 k - 5 potions of curing
 q - 2 potions of haste {unknown}
 s - a potion of attraction {unknown}
 u - 2 potions of flight


   Skills:
 + Level 5.7 Fighting
 + Level 10.4 Axes
 + Level 6.0 Armour
 + Level 1.9 Dodging
 + Level 0.9 Stealth
 + Level 5.2 Shields
 + Level 1.3 Evocations


You had 7 spell levels left.
You didn't know any spells.
Your spell library contained the following spells:

 Spells                   Type           Power      Damage    Failure   Level
 Blink                    Tloc           0%         N/A       88%         2
 Lesser Beckoning         Tloc           0%         N/A       88%         2
 Momentum Strike          Conj/Tloc      0%         3d8       88%         2


Dungeon Overview and Level Annotations

Branches:
Dungeon (7/15)             Temple (1/1) D:7

Altars:
Ashenzari
Cheibriados
Dithmenos
Elyvilon
Gozag
Hepliaklqana
Kikubaaqudgha
Makhleb
Nemelex Xobeh
Okawaru
Qazlal
Ru
Sif Muna
Trog
Uskayaw
Vehumet
Xom
Yredelemnul
Zin
The Shining One

Shops:
D:4 *   D:5 ?*(!=


Innate Abilities, Weirdness & Mutations

You are agile. (Dex +4, Str/Int -1)
Your mind is acute. (Int +4, Str/Dex -1)


Message History

You hear a shout!
You hit the gnoll but do no damage. The gnoll hits you but does no damage.
The gnoll closely misses you.
You hit the gnoll.
The gnoll is lightly wounded.
The gnoll hits you from afar with a +0 halberd.
A gnoll sergeant comes into view. It is wielding a +0 trident.
The gnoll hits you with a +0 flail! The gnoll attacks as you move away!
The gnoll barely misses you.
The orc priest looks encouraged for a moment.
You block the gnoll's attack.
The orc zaps a wand.
The bolt of acid hits the gnoll!
The gnoll dies!
The bolt of acid hits you! The acid corrodes you!
The gnoll attacks as you move away! The gnoll hits you with a +0 flail.
The orc zaps a wand.
The bolt of acid hits the gnoll!
The acid corrodes the gnoll!
The bolt of acid hits you! The acid corrodes you!
You completely miss the gnoll.
The gnoll is severely wounded.
The gnoll barely misses you.
You slash the gnoll!
You kill the gnoll!
Trog accepts your kill.
The gnoll hits you from afar with a +0 halberd!
The orc priest invokes the aid of Beogh against you.
Beogh smites you!
* * * LOW HITPOINT WARNING * * *
There is a staircase to the Ecumenical Temple here.
You block the gnoll's attack.
You climb downwards.
Welcome back to the Ecumenical Temple!
Reactivating autopickup.
There is a staircase back to the Dungeon here.
You climb upwards.
Welcome back to the Dungeon!
The gnoll hits you from afar with a +0 halberd.
* * * LOW HITPOINT WARNING * * *
The gnoll hits you from afar with a +0 halberd!
* * * LOW HITPOINT WARNING * * *
There is a staircase to the Ecumenical Temple, spattered with blood here.
The gnoll hits you from afar with a +0 halberd.
You die...

#..## ##...... ##...###
##.......
#......###........ #
##..###...#........ g
##..## ###..........
.## ##....# ##.........
..# ##.#g8.##
##........ #.####
##.......# ###......
#.[g.######.o#8o@.8#
###...<
....)...##o..#.....#
###..
........o..#.##.8.#####
### ..........##....###
#..#####
.?.......########
#......##### .........#
#..........##
........##
#............ ........#
#........... .......##
#...........


You could see a gnoll and an orc.

Vanquished Creatures
  A water moccasin (D:6)
  An orc warrior (D:6)
  An ice beast (D:6)
  A black bear (D:6)
  A phantom (D:5)
  A kobold brigand (D:6)
  2 bullfrogs (D:6)
  6 scorpions
  4 jellies
  7 hounds
  Crazy Yiuf (D:2)
  An iguana (D:6)
  2 sleepcaps (D:5)
  An orc wizard (D:4)
  A gnoll (D:7)
  6 adders
  2 shadow imps (D:7)
  A white imp (D:7)
  2 worms
  3 dart slugs
  13 orcs
  A bat (D:2)
  3 endoplasms
  3 giant cockroaches
  8 goblins
  6 hobgoblins
  7 jackals
  8 kobolds
  4 quokkas
  6 ball pythons
  7 frilled lizards
  2 rats (D:2)
113 creatures vanquished.

Vanquished Creatures (others)
  A gnoll (D:7)
1 creature vanquished.

Grand Total: 114 creatures vanquished

Notes
Turn   | Place    | Note
-------+----------+-------------------------------------------
     0 | D:1      | fuzz the Hill Orc Fighter began the quest for the Orb.
     0 | D:1      | Reached XP level 1. HP: 19/19 MP: 1/1
   101 | D:1      | Reached XP level 2. HP: 27/27 MP: 2/2
   622 | D:1      | Reached skill level 3 in Axes
   623 | D:1      | Reached XP level 3. HP: 33/33 MP: 3/3
  1526 | D:2      | Identified the +1 pair of gloves of the Maze {rC+}
  1547 | D:2      | Found a runed translucent door.
  1548 | D:2      | Noticed Crazy Yiuf
  1554 | D:2      | Killed Crazy Yiuf
  1555 | D:2      | Reached XP level 4. HP: 28/40 MP: 4/4
  1642 | D:2      | Reached skill level 4 in Axes
  2542 | D:3      | Found a stormy altar of Qazlal.
  2608 | D:3      | Identified the +0 short sword "Omelette" {drain, rN+ Str+2}
  2626 | D:3      | Reached XP level 5. HP: 46/46 MP: 5/5
  2920 | D:3      | Reached skill level 5 in Axes
  2957 | D:3      | Reached XP level 6. HP: 33/53 MP: 6/6
  3058 | D:4      | Found Oqejof's General Store.
  3083 | D:4      | Bought a scroll of identify for 20 gold pieces
  3083 | D:4      | Bought a scroll of identify for 20 gold pieces
  3083 | D:4      | Bought a scroll of identify for 20 gold pieces
  3083 | D:4      | Bought a scroll of blinking for 75 gold pieces
  3126 | D:4      | Gained mutation: You have sharp toenails. [potion of
                  | mutation]
  3126 | D:4      | Gained mutation: You are agile. (Dex +4, Str/Int -1)
                  | [potion of mutation]
  3126 | D:4      | Gained mutation: You are very agile. (Dex +8, Str/Int -2)
                  | [potion of mutation]
  3127 | D:4      | Lost mutation: You are very agile. (Dex +8, Str/Int -2)
                  | [potion of mutation]
  3127 | D:4      | Lost mutation: You have sharp toenails. [potion of
                  | mutation]
  3127 | D:4      | Gained mutation: Your spells are a little harder to cast,
                  | but a little more powerful. [potion of mutation]
  3127 | D:4      | Lost mutation: Your spells are a little harder to cast, but
                  | a little more powerful. [potion of mutation]
  3127 | D:4      | Gained mutation: Your mind is acute. (Int +4, Str/Dex -1)
                  | [potion of mutation]
  3212 | D:4      | Reached skill level 6 in Axes
  3257 | D:4      | Reached skill level 1 in Dodging
  3320 | D:4      | Reached XP level 7. HP: 60/60 MP: 7/7
  3416 | D:4      | You fall into a shaft and drop 1 floor!
  3416 | D:5      | Entered Level 5 of the Dungeon
  3453 | D:5      | Found Yfrin's Assorted Antiques.
  3459 | D:5      | Bought a jewelled gold wand for 104 gold pieces
  3513 | D:5      | Reached skill level 7 in Axes
  3550 | D:5      | Found Veeck's Distillery.
  3594 | D:5      | Found Baduo's Jewellery Shoppe.
  3988 | D:4      | Found a glowing golden altar of the Shining One.
  4059 | D:5      | Found Zaulihib's Weapon Boutique.
  4232 | D:5      | Reached skill level 8 in Axes
  4333 | D:5      | Found Maxt's Magic Scroll Shop.
  4365 | D:5      | Reached skill level 5 in Fighting
  4365 | D:5      | Reached skill level 5 in Armour
  4685 | D:6      | Reached skill level 9 in Axes
  4685 | D:6      | Reached XP level 8. HP: 68/68 MP: 8/8
  5384 | D:6      | Reached skill level 5 in Shields
  5442 | D:6      | Reached skill level 10 in Axes
  5472 | D:6      | Reached skill level 1 in Evocations
  5887 | D:7      | Found a staircase to the Ecumenical Temple.
  5895 | Temple   | Entered the Ecumenical Temple
  5975 | Temple   | Became a worshipper of Trog the Wrathful
  6032 | D:7      | HP: 1/70 [gnoll/+0 halberd[a gnoll sergeant] (8)]
  6033 | D:7      | Slain by a gnoll

Illustrated notes

Levels and vault maps discovered:
D:1:      saegor_arrival_simple_e, layout_basic, serial_glass, glass_columns_a,
          glass_columns_a, glass_columns_b, glass_columns_a, glass_columns_c,
          glass_columns_c, minmay_pentomino_u4
D:2:      layout_basic, minmay_gold_behind_fungi,
          chequers_serial_rivers_micro_c, uniq_crazy_yiuf_cottage
D:3:      layout_basic, grunt_qazlal_sundering
D:4:      layout_loops_ring, general_overflow_altar, serial_shops,
          shop_fountains, st_stairs_7, nrook_campfire
D:5:      layout_basic, serial_shops, nicolae_shop_stone,
          nicolae_shop_statue_plus, shop, shop, kennysheep_mini
D:6:      layout_loops_corners, nrook_loot_triangle,
          kennysheep_opposing_triangles
D:7:      layout_cave_pods, fedhas_altar_4, minmay_temple_entry_statues_pillars
Temple:   compressed_dpeg_triangle_lava_temple

Skill      XL: |  1  2  3  4  5  6  7  8 |
---------------+-------------------------+-----
Axes           | 3 4 5 6 9 10 | 10.4
Fighting       | 4 5 |  5.7
Armour         | 4 5 6 |  6.0
Shields        | 4 5 |  5.2
Dodging        | 1 |  1.9
Evocations     | 1 |  1.3
Stealth        | |  0.9

Action                     |  1- 3 |  4- 6 |  7- 9 || total
---------------------------+-------+-------+-------++-------
  Melee: War axe           |    85 |   117 |   127 ||   329
  Evoke: Wand              |       |       |    17 ||    17
    Use: Potion            |     2 |     5 |     1 ||     8
         Scroll            |     2 |     5 |     4 ||    11
 Armour: Scale mail        |    33 |    55 |    51 ||   139
  Dodge: Dodged            |    35 |    64 |    45 ||   144
  Block: Buckler           |    15 |    33 |    21 ||    69
